 Dungeon Crawl Stone Soup version 0.32-a0-747-gc8563f6773 (webtiles) character file.

Game seed: 17212637151626539238

150 dufus the Ducker (level 5, 0/47 HPs)
             Began as a Gnoll Monk on Mar 18, 2024.
             Was a Believer of Cheibriados.
             Succumbed to Edmund's poison
             ... on level 4 of the Dungeon.
             The game lasted 00:04:29 (2422 turns).

dufus the Ducker (Gnoll Monk)                       Turns: 2422, Time: 00:04:30

Health: 0/47       AC: 12    Str: 14    XL:     5   Next: 32%
Magic:  7/7        EV:  8    Int: 16    God:    Cheibriados [**....]
Gold:   189        SH:  0    Dex: 18    Spells: 7/7 levels left

rFire   . . .        b - +2 whip (elec)
rCold   . . .        d - orb {light}
rNeg    . . .        r - +0 chain mail
rPois   .            (no helmet)
rElec   .            (no cloak)
rCorr   .            (no gloves)
SInv    .            (no boots)
Will    .....        (no amulet) Stlth
                     n - +4 ring of protection
HPRegen 0.27/turn    (no ring)
MPRegen 0.10/turn

%: no passive effects
@: lethally poisoned (0 -> -12), glowing, very slow
A: fangs 1, strong nose, distributed training
a: Renounce Religion, Bend Time


You were on level 4 of the Dungeon.
You worshipped Cheibriados.
Cheibriados was pleased with you.
You visited 2 branches of the dungeon, and saw 5 of its levels.

You collected 189 gold pieces.

Inventory:

Hand Weapons
 a - a +0 war axe
 b - a +2 whip of electrocution (weapon)
Missiles
 q - 3 javelins (quivered)
 t - 12 poisoned darts
Armour
 d - an orb of light (worn)
 r - a +0 chain mail (worn)
 w - +0 fire dragon scales
Jewellery
 n - a +4 ring of protection (left hand)
Scrolls
 e - 2 scrolls of fear {unknown}
 f - a scroll of fog {unknown}
 g - 3 scrolls of identify {unknown}
 h - 2 scrolls of vulnerability {unknown}
 j - a scroll of silence {unknown}
 m - 2 scrolls of revelation {unknown}
 s - 2 scrolls of blinking {unknown}
 v - 2 scrolls of teleportation {unknown}
 y - a scroll of acquirement {unknown}
Potions
 k - 2 potions of enlightenment {unknown}
 l - a potion of heal wounds {unknown}
 o - a potion of curing
 p - a potion of mutation {unknown}
 u - 2 potions of resistance {unknown}
 x - a potion of brilliance {unknown}


   Skills:
 + Level 6.7 Fighting
 + Level 1.5 Short Blades
 + Level 1.5 Long Blades
 + Level 6.7 Axes
 + Level 1.5 Maces & Flails
 + Level 1.5 Polearms
 + Level 1.5 Staves
 + Level 1.5 Ranged Weapons
 + Level 1.5 Throwing
 + Level 1.5 Armour
 + Level 6.7 Dodging
 + Level 1.5 Stealth
 + Level 1.5 Shields
 + Level 1.5 Unarmed Combat
 + Level 1.5 Spellcasting
 + Level 1.2 Conjurations
 + Level 1.2 Hexes
 + Level 1.2 Summonings
 + Level 1.2 Necromancy
 + Level 1.2 Translocations
 + Level 1.2 Fire Magic
 + Level 1.2 Ice Magic
 + Level 1.2 Air Magic
 + Level 1.2 Earth Magic
 + Level 1.2 Alchemy
 + Level 1.7 Invocations
 + Level 1.5 Evocations
 + Level 1.3 Shapeshifting


You had 7 spell levels left.
You didn't know any spells.
Your spell library was empty.

Dungeon Overview and Level Annotations

Branches:
Dungeon (4/15)             Temple (1/1) D:4

Altars:
Cheibriados
Dithmenos
Elyvilon
Fedhas
Hepliaklqana
Makhleb
Okawaru
Sif Muna
Vehumet
Wu Jian
Xom
Yredelemnul
Zin

Shops:
D:3 :

Annotations:
D:3 3 runed translucent doors, CrabMaster's ghost, amateur DsGl
D:4 Edmund


Innate Abilities, Weirdness & Mutations

You have very sharp teeth.
Your uncanny sense of smell can sniff out nearby items.
Your experience applies equally to all skills.


Message History

Edmund is lightly wounded.
* * * LOW HITPOINT WARNING * * *
You feel very sick.
You are confused.
You feel invigorated.
* * * LOW HITPOINT WARNING * * *
You feel very sick. Edmund hits you but does no damage.
You are more poisoned.
You barely miss Edmund.
Edmund is lightly wounded.
* * * LOW HITPOINT WARNING * * *
You feel very sick.
You bump into the rock wall.
* * * LOW HITPOINT WARNING * * *
You feel very sick. Edmund hits you but does no damage.
You're too confused to move!
You feel less invigorated.
You feel less confused.
* * * LOW HITPOINT WARNING * * *
You feel very sick.
Edmund hits you with a +2 flail of venom.
* * * LOW HITPOINT WARNING * * *
You hit Edmund.
Edmund is lightly wounded.
* * * LOW HITPOINT WARNING * * *
You feel sick.
You hit Edmund but do no damage.
Edmund is lightly wounded.
* * * LOW HITPOINT WARNING * * *
You feel sick. Edmund hits you but does no damage.
You are more poisoned.
You hit Edmund.
Edmund is lightly wounded.
* * * LOW HITPOINT WARNING * * *
You feel very sick.
You hit Edmund. Lightning courses through Edmund!
Edmund is heavily wounded.
You die...
Cheibriados appreciates the motionlessness of death.

##########
.........
#.....@..
#.# #.####
#.@@.#
#.#### #.#
#.# #.#
#.######
#......#
#......#
#......#


You could see Edmund (slow).

Vanquished Creatures
  An orc priest (D:4)
  3 gnolls (D:2)
  4 adders
  A dart slug (D:2)
  A ribbon worm (D:2)
  4 orcs
  4 ball pythons
  5 endoplasms
  2 giant cockroaches
  4 hobgoblins
  A quokka (D:2)
  2 bats
  2 frilled lizards (D:1)
  5 goblins
  6 kobolds
  7 rats
52 creatures vanquished.

Notes
Turn   | Place    | Note
-------+----------+-------------------------------------------
     0 | D:1      | dufus the Gnoll Monk began the quest for the Orb.
     0 | D:1      | Reached XP level 1. HP: 23/23 MP: 1/1
   279 | D:1      | Reached XP level 2. HP: 29/29 MP: 2/2
   858 | D:2      | Reached XP level 3. HP: 35/35 MP: 2/4
   860 | D:2      | Reached skill level 1 in Invocations
   866 | D:2      | Reached skill level 1 in Short Blades
   866 | D:2      | Reached skill level 1 in Long Blades
   866 | D:2      | Reached skill level 1 in Maces & Flails
   866 | D:2      | Reached skill level 1 in Polearms
   866 | D:2      | Reached skill level 1 in Staves
   866 | D:2      | Reached skill level 1 in Ranged Weapons
   866 | D:2      | Reached skill level 1 in Throwing
   866 | D:2      | Reached skill level 1 in Armour
   866 | D:2      | Reached skill level 1 in Stealth
   866 | D:2      | Reached skill level 1 in Shields
   866 | D:2      | Reached skill level 1 in Unarmed Combat
   866 | D:2      | Reached skill level 1 in Spellcasting
   866 | D:2      | Reached skill level 1 in Evocations
   968 | D:2      | Reached skill level 1 in Shapeshifting
   968 | D:2      | Reached XP level 4. HP: 41/41 MP: 5/5
  1202 | D:2      | Found a faded altar of an unknown god.
  1528 | D:3      | Reached skill level 1 in Conjurations
  1528 | D:3      | Reached skill level 1 in Hexes
  1528 | D:3      | Reached skill level 1 in Summonings
  1528 | D:3      | Reached skill level 1 in Necromancy
  1528 | D:3      | Reached skill level 1 in Translocations
  1528 | D:3      | Reached skill level 1 in Fire Magic
  1528 | D:3      | Reached skill level 1 in Ice Magic
  1528 | D:3      | Reached skill level 1 in Air Magic
  1528 | D:3      | Reached skill level 1 in Earth Magic
  1528 | D:3      | Reached skill level 1 in Alchemy
  1766 | D:3      | Found Dixeciga's Vocational Training.
  1933 | D:3      | Found a runed translucent gate.
  1933 | D:3      | Found a runed translucent gate.
  1934 | D:3      | Found a runed translucent gate.
  1934 | D:3      | Noticed CrabMaster's ghost (amateur DsGl)
  2139 | D:4      | Reached XP level 5. HP: 47/47 MP: 7/7
  2260 | D:4      | Found a staircase to the Ecumenical Temple.
  2265 | Temple   | Entered the Ecumenical Temple
  2280 | Temple   | Became a worshipper of Cheibriados the Contemplative
  2280 | Temple   | Reached * piety under Cheibriados
  2280 | Temple   | Reached ** piety under Cheibriados
  2316 | D:4      | Found an ornate altar of the Wu Jian Council.
  2399 | D:4      | Noticed Edmund
  2410 | D:4      | HP: 1/47 [Edmund/+2 flail of venom (7)]
  2421 | D:4      | HP: 2/47 [poisoned by Edmund]
  2422 | D:4      | Succumbed to Edmund's poison

Illustrated notes

Levels and vault maps discovered:
D:1:      lemuel_arrival_room, layout_loops_ring
D:2:      layout_basic, shapermc_ecumenical_altar_pompeii
D:3:      layout_rooms, ebering_ghost_rock_garden, nicolae_shop_vocational
D:4:      layout_basic, mainiacjoe_overflow_24_doors,
          grunt_temple_overflow_diamond, temple_doors_ab, uniq_edmund
Temple:   chequers_temple_sunken

Skill      XL: |  1  2  3  4 |
---------------+-------------+-----
Invocations    | 1 |  1.7
Short Blades   | 1 |  1.5
Long Blades    | 1 |  1.5
Maces & Flails | 1 |  1.5
Polearms       | 1 |  1.5
Staves         | 1 |  1.5
Ranged Weapons | 1 |  1.5
Throwing       | 1 |  1.5
Armour         | 1 |  1.5
Stealth        | 1 |  1.5
Shields        | 1 |  1.5
Unarmed Combat | 1 |  1.5
Spellcasting   | 1 |  1.5
Evocations     | 1 |  1.5
Shapeshifting  | 1 |  1.3
Conjurations   | 1 |  1.2
Hexes          | 1 |  1.2
Summonings     | 1 |  1.2
Necromancy     | 1 |  1.2
Translocations | 1 |  1.2
Fire Magic     | 1 |  1.2
Ice Magic      | 1 |  1.2
Air Magic      | 1 |  1.2
Earth Magic    | 1 |  1.2
Alchemy        | 1 |  1.2
Fighting       | |  6.7
Axes           | |  6.7
Dodging        | |  6.7

Action                     |  1- 3 |  4- 6 || total
---------------------------+-------+-------++-------
  Melee: Hand axe          |    23 |       ||    23
         Bite              |     9 |     5 ||    14
         Whip              |    38 |    74 ||   112
 Invoke: Bend Time         |       |     1 ||     1
    Use: Potion            |       |     3 ||     3
 Armour: Robe              |     7 |       ||     7
         Ring mail         |    11 |     4 ||    15
         Chain mail        |       |    50 ||    50
  Dodge: Dodged            |    30 |    27 ||    57

Table legend: (Time is in decaauts)
 A = Elapsed time spent in this place.
 B = Non-inter-level travel time spent in this place.
 C = Inter-level travel time spent in this place.
 D = Time resting spent in this place.
 E = Time spent auto-exploring this place.
 F = Levels seen in this place.
 G = Mean time per level.
                   A        B        C        D        E       F      G
               +--------+--------+--------+--------+--------+-----+--------+
         Total |   2476 |   2413 |     63 |      0 |   1910 |   5 |  495.2 |
       Dungeon |   2443 |   2394 |     49 |      0 |   1910 |   4 |  610.8 |
        Temple |     32 |     18 |     14 |      0 |      0 |   1 |   32.0 |
               +--------+--------+--------+--------+--------+-----+--------+

Top non-repeatable levels by time:
     D:1: 756 daAuts
     D:2: 748 daAuts
     D:3: 577 daAuts
     D:4: 361 daAuts
  Temple: 32 daAuts
